[Event "Titled Tuesday Blitz August 22 Early 2023"]
[White "Borgaonkar Akshay"]
[Black "Baches Garcia, Guillermo"]
[WhiteFideId "25639110"]
[BlackFideId "2209764"]
[WhiteElo "2596"]
[BlackElo "2431"]
[Result "1/2-1/2"]
[Round "6"]
[TimeControl "180+1"]
[Date "2023.08.22"]
[WhiteClock "0:01:07"]
[BlackClock "0:00:13"]
[Board "92"]

1. Nf3 d5 2. g3 g6 3. Bg2 Bg7 4. c4 dxc4 5. Qa4+ Nc6 6. Qxc4 e5 7. Ng5 Qd7 8. Nxf7 Qxf7 9. Bxc6+ Kf8 10. Bd5 Qd7 11. b3 Nf6 12. Ba3+ Ke8 13. Nc3 Nxd5 14. Nxd5 c6 15. Ne3 Qd4 16. Rc1 Bh3 17. Bc5 Qxc4 18. Nxc4 Kd7 19. f3 h5 20. Kf2 b6 21. Ba3 e4 22. d3 b5 23. Na5 exf3 24. exf3 Bd4+ 25. Ke2 Rhe8+ 26. Kd1 Bg2 27. Re1 Rxe1+ 28. Kxe1 Re8+ 29. Kd1 Bxf3+ 30. Kc2 Re2+ 31. Kb1 Rxh2 32. Nb7 g5 33. Nc5+ Bxc5 34. Bxc5 h4 35. gxh4 gxh4 36. Bxa7 h3 37. Bb8 Re2 38. Rc2 h2 39. Bxh2 Rxc2 40. Kxc2 Kc8 41. Bg1 Kb7 42. Bc5 Ka6 43. Kc3 Bd5 44. Kd4 Kb7 45. Ke5 Bg8 46. Kd6 Bf7 47. Ke7 Bd5 48. Kf6 Bg2 49. Ke5 Bd5 50. Kd4 Bg2 51. Kc3 Bd5 52. Bd4 Bg2 53. Bg7 Bd5 54. Kb4 Bg2 55. Kc5 Bf3 56. Bh6 Bg2 57. Kd4 Bf3 58. Bf8 Bg2 59. Bc5 Bh1 60. Ke3 Bg2 61. Kf2 Bd5 62. Ke1 Bh1 63. Kd2 Bd5 64. Kc3 Bg2 65. Kb4 Bd5 66. Bd4 Bg2 67. Be5 Bf3 68. Kc5 Bg2 69. Kd4 Bf3 70. Bf4 Bg2 71. Be3 Bf3 72. Kc3 Bg2 73. Kd2 Bf3 74. Ke1 Bd5 75. Kf2 Bh1 76. Bc5 Bd5 77. Ke3 Be6 78. Kd2 Bd5 79. Kc3 Bf3 80. Kb4 Bd5 81. Ka3 Bf3 82. Kb2 Bd5 83. Kc1 Bf3 84. Kd2 Bd5 1/2-1/2


[Site "https://www.chess.com"]

[Event "Titled Tuesday Blitz August 22 Early 2023"]
[White "Llanos, Guillermo"]
[Black "Ahmad, Khagan"]
[WhiteFideId "100358"]
[BlackFideId "13431552"]
[WhiteElo "2439"]
[BlackElo "2596"]
[Result "0-1"]
[Round "6"]
[TimeControl "180+1"]
[Date "2023.08.22"]
[WhiteClock "0:00:07"]
[BlackClock "0:00:15"]
[Board "93"]

1. c4 Nf6 2. Nc3 g6 3. g3 d5 4. cxd5 Nxd5 5. Bg2 Nxc3 6. bxc3 Bg7 7. Nf3 O-O 8. O-O c5 9. Rb1 Nc6 10. c4 b6 11. d3 Bb7 12. Bd2 Qd7 13. Qc1 Nd4 14. Nxd4 Bxg2 15. Kxg2 Bxd4 16. Qc2 Qc6+ 17. Kg1 f5 18. a4 a5 19. Rb5 f4 20. Bxf4 e5 21. Bh6 Rxf2 22. Rxf2 Bxf2+ 23. Kxf2 Qh1 24. Qc1 Rf8+ 25. Bxf8 Qxc1 26. Bd6 Qh1 27. h4 Qh2+ 28. Kf3 e4+ 29. dxe4 Qh1+ 30. Kf2 Qxe4 31. Rxb6 Qxc4 32. Rb8+ Kf7 33. Rb7+ Ke6 34. Bf4 Qxa4 35. Rxh7 Qd4+ 36. e3 Qd2+ 37. Kf3 Qd1+ 38. Kf2 a4 39. Ra7 Qd2+ 40. Kf3 Qd1+ 41. Kf2 Kf5 42. Rf7+ Kg4 43. Rf6 Qd2+ 44. Kf1 a3 45. e4 Qd1+ 46. Kf2 a2 47. Rxg6+ Kh3 48. Be5 Qd2+ 49. Kf3 Qd3+ 50. Kf4 Qf1+ 51. Kg5 a1=Q 52. Bxa1 Qxa1 53. Kh6 c4 54. h5 c3 55. Rc6 Qc1+ 56. Kg7 Qg5+ 57. Kh7 Qxh5+ 58. Rh6 Qxh6+ 59. Kxh6 c2 60. e5 c1=Q+ 61. Kg6 Kxg3 62. Kf6 Qf4+ 63. Ke6 Kg4 64. Kd6 Kf5 0-1


[Site "https://www.chess.com"]

[Event "Titled Tuesday Blitz August 22 Early 2023"]
[White "Garakov, Mikhael"]
[Black "Dwilewicz, Katarzyna"]
[WhiteFideId "4169034"]
[BlackFideId "1148486"]
[WhiteElo "2585"]
[BlackElo "2428"]
[Result "1-0"]
[Round "6"]
[TimeControl "180+1"]
[Date "2023.08.22"]
[WhiteClock "0:01:31"]
[BlackClock "0:00:10"]
[Board "94"]

1. e4 c5 2. Nf3 d6 3. d4 cxd4 4. Nxd4 Nf6 5. Nc3 a6 6. f4 Nbd7 7. Be2 e5 8. Nf5 Qc7 9. O-O g6 10. Ne3 Bg7 11. f5 b5 12. Ned5 Qb8 13. fxg6 hxg6 14. Bg5 Nxd5 15. Nxd5 Bb7 16. a4 b4 17. Bc4 Rh5 18. Rxf7 Kxf7 19. Qf3+ Ke8 20. Nc7+ Qxc7 21. Qf7# 1-0


[Site "https://www.chess.com"]

[Event "Titled Tuesday Blitz August 22 Early 2023"]
[White "Biregina"]
[Black "Ezat, Mohamed"]
[BlackFideId "10600906"]
[WhiteElo "2413"]
[BlackElo "2584"]
[Result "0-1"]
[Round "6"]
[TimeControl "180+1"]
[Date "2023.08.22"]
[WhiteClock "0:00:01"]
[BlackClock "0:01:39"]
[Board "95"]

1. d4 Nf6 2. Nf3 g6 3. e3 Bg7 4. Nbd2 O-O 5. b3 d6 6. Bb2 e5 7. dxe5 Nfd7 8. Be2 Nc6 9. O-O a5 10. Bb5 Ndxe5 11. Bxc6 bxc6 12. Nxe5 dxe5 13. Nc4 Ba6 14. Qxd8 Rfxd8 15. Rfd1 Bxc4 16. bxc4 e4 17. Bxg7 Kxg7 18. Kf1 Kf6 19. Ke1 Ke6 20. Rxd8 Rxd8 21. Rb1 Kd6 22. Rb7 Ra8 23. Kd2 c5 24. a4 Kc6 25. Rb5 f5 26. h4 h6 27. Ke2 g5 28. hxg5 hxg5 29. f3 exf3+ 30. Kxf3 Kd6 31. g4 fxg4+ 32. Kxg4 Re8 33. Kf3 g4+ 34. Kf2 g3+ 35. Kxg3 Rxe3+ 36. Kf4 Rc3 37. Rxa5 Rxc2 38. Ke3 Rxc4 39. Ra6+ Kd5 40. Kd3 Rb4 41. Ra7 Rb3+ 42. Kc2 Ra3 43. a5 c6 44. a6 Kc4 45. Ra8 Ra2+ 46. Kb1 Ra5 47. Kc2 Kb5 48. a7 Kb6 49. Rb8+ Kxa7 50. Rb3 Rb5 51. Ra3+ Kb6 52. Kc3 Kc7 53. Ra1 Rb4 54. Rd1 Rg4 55. Re1 Kb6 56. Rb1+ Kc7 57. Rd1 c4 58. Rd2 Kb6 59. Rb2+ Kc5 60. Ra2 Rg3+ 61. Kb2 Rg2+ 62. Kb1 Rxa2 63. Kxa2 Kd4 64. Kb2 Kd3 65. Kc1 c3 66. Kd1 c2+ 67. Kc1 c5 0-1


[Site "https://www.chess.com"]

[Event "Titled Tuesday Blitz August 22 Early 2023"]
[White "Golubev, Mikhail"]
[Black "Kupervaser, Erez"]
[WhiteFideId "14100983"]
[BlackFideId "2814587"]
[WhiteElo "2582"]
[BlackElo "2411"]
[Result "0-1"]
[Round "6"]
[TimeControl "180+1"]
[Date "2023.08.22"]
[WhiteClock "0:00:00"]
[BlackClock "0:01:09"]
[Board "96"]

1. e4 c5 2. Nf3 d6 3. d4 cxd4 4. Nxd4 Nf6 5. Nc3 g6 6. Be3 Bg7 7. f3 Nc6 8. Qd2 h5 9. Bc4 Bd7 10. Bb3 Na5 11. O-O-O Rb8 12. Rhe1 b5 13. Nd5 Nc4 14. Bxc4 bxc4 15. Bg5 Nxd5 16. exd5 O-O 17. Bxe7 Qb6 18. Qc3 Rfe8 19. Bh4 Rec8 20. Bf2 Rc5 21. Re7 Qb7 22. g4 hxg4 23. fxg4 Bf6 24. Re4 Qxd5 25. Qf3 Be5 26. Bg3 Qb7 27. Qc3 Qxe4 0-1


[Site "https://www.chess.com"]

[Event "Titled Tuesday Blitz August 22 Early 2023"]
[White "Young_Catalan_Player09"]
[Black "Eynullayev, Altay"]
[BlackFideId "13413562"]
[WhiteElo "2395"]
[BlackElo "2576"]
[Result "1-0"]
[Round "6"]
[TimeControl "180+1"]
[Date "2023.08.22"]
[WhiteClock "0:01:04"]
[BlackClock "0:00:02"]
[Board "97"]

1. Nf3 Nf6 2. g3 e6 3. Bg2 d5 4. O-O Be7 5. c4 O-O 6. d4 dxc4 7. Na3 Bxa3 8. bxa3 Nbd7 9. a4 a5 10. Ba3 Re8 11. Qc2 Nb6 12. Bc5 Nfd5 13. e4 Nb4 14. Qd2 Nxa4 15. Bxb4 axb4 16. Qxb4 Nb6 17. a4 Qe7 18. Qxe7 Rxe7 19. a5 Nd7 20. Rfc1 b5 21. axb6 Rxa1 22. Rxa1 Nxb6 23. Ne5 f6 24. Nc6 Rd7 25. Bh3 Kf7 26. d5 Rd6 27. Ra7 exd5 28. Rxc7+ Bd7 29. exd5 Rxd5 30. Nb8 Ke7 31. Nxd7 Nxd7 32. Rxc4 Ne5 33. Rc3 Kf7 34. Kg2 g5 35. Bf5 Nd7 36. Bxh7 f5 37. Rc7 Ke7 38. h4 Kd6 39. Ra7 gxh4 40. gxh4 Nf6 41. Bg6 f4 42. h5 Nxh5 43. Ra6+ Kc5 44. Ra5+ Kd6 45. Rxd5+ Kxd5 46. Bxh5 Ke5 47. Kf3 Kf5 48. Bg4+ Kg5 49. Bh3 Kh4 50. Bc8 1-0


[Site "https://www.chess.com"]

[Event "Titled Tuesday Blitz August 22 Early 2023"]
[White "Wang2007"]
[Black "Chyzy, Jakub"]
[BlackFideId "21806209"]
[WhiteElo "2392"]
[BlackElo "2572"]
[Result "0-1"]
[Round "6"]
[TimeControl "180+1"]
[Date "2023.08.22"]
[WhiteClock "0:00:00"]
[BlackClock "0:00:01"]
[Board "98"]

1. d4 Nf6 2. c4 d6 3. Nf3 Nbd7 4. g3 e5 5. Bg2 Be7 6. O-O O-O 7. Nc3 c6 8. e4 a6 9. a4 a5 10. h3 exd4 11. Nxd4 Nc5 12. Be3 Re8 13. Qc2 Bf8 14. Rad1 Na6 15. Rfe1 Nd7 16. f4 Ndc5 17. Bf2 Nb4 18. Qb1 Qc7 19. Kh1 g6 20. Nf3 Bg7 21. g4 Nb3 22. Nd4 Nc5 23. b3 Ne6 24. f5 Nf4 25. Bg3 Nxg2 26. Kxg2 Qb6 27. Bf2 Qd8 28. Nce2 Be5 29. Ng3 Qg5 30. Nf3 Qe7 31. Nxe5 dxe5 32. Qc1 Bd7 33. Qh6 Rad8 34. g5 Qf8 35. Qh4 Bc8 36. f6 Kh8 37. Ne2 Nd3 38. Rf1 Nb2 39. Rxd8 Rxd8 40. Be3 Rd3 41. Qf2 Rxb3 42. Nc1 Rc3 43. Bc5 Nd3 44. Nxd3 Qd8 45. Nxe5 Qe8 46. Ng4 Qxe4+ 0-1


[Site "https://www.chess.com"]

[Event "Titled Tuesday Blitz August 22 Early 2023"]
[White "Siniauski, Artsiom"]
[Black "Ozalp, Burak"]
[WhiteFideId "13512269"]
[BlackFideId "6314210"]
[WhiteElo "2566"]
[BlackElo "2384"]
[Result "0-1"]
[Round "6"]
[TimeControl "180+1"]
[Date "2023.08.22"]
[WhiteClock "0:00:09"]
[BlackClock "0:00:11"]
[Board "99"]

1. e4 c5 2. Nf3 Nc6 3. Bb5 e6 4. Bxc6 dxc6 5. d3 Qc7 6. b3 e5 7. Bb2 f6 8. Nbd2 Be6 9. Qe2 Bd6 10. Nc4 Ne7 11. Nfd2 b5 12. Ne3 a5 13. a4 O-O 14. O-O g5 15. h3 Kg7 16. c3 Ng6 17. d4 Nf4 18. Qf3 h5 19. Nf5+ Bxf5 20. exf5 Rae8 21. dxc5 Bxc5 22. Ne4 Be7 23. c4 Rd8 24. Rad1 Rxd1 25. Rxd1 Rd8 26. cxb5 cxb5 27. axb5 Qc2 28. Rxd8 Bxd8 29. Ba3 Bb6 30. Be7 Ne2+ 31. Kh2 Qd1 32. Bxf6+ Kg8 33. Qxe2 Qxe2 34. f3 Qxb5 35. Bxg5 Qxb3 36. f6 a4 37. Nd6 a3 38. f7+ Qxf7 39. Nxf7 Kxf7 40. f4 a2 41. fxe5 a1=Q 42. Bf4 Bd4 43. Kg3 Bxe5 44. Kh4 Bxf4 45. g4 Qf6+ 46. g5 Qxg5# 0-1


[Site "https://www.chess.com"]

[Event "Titled Tuesday Blitz August 22 Early 2023"]
[White "Bashirli, Saadat"]
[Black "Santos Flores, Alberto"]
[WhiteFideId "13429990"]
[BlackFideId "3601234"]
[WhiteElo "2361"]
[BlackElo "2563"]
[Result "0-1"]
[Round "6"]
[TimeControl "180+1"]
[Date "2023.08.22"]
[WhiteClock "0:00:09"]
[BlackClock "0:00:09"]
[Board "100"]

1. d4 d5 2. e3 Nf6 3. f4 g6 4. Bd3 Bg7 5. Nf3 O-O 6. Nbd2 b6 7. Qe2 Bb7 8. O-O c5 9. c3 Qc8 10. Ne5 Ba6 11. b3 Bxd3 12. Qxd3 Qa6 13. Bb2 Qxd3 14. Nxd3 Nbd7 15. Ba3 Rfc8 16. Rac1 e6 17. Ne5 Nxe5 18. fxe5 Nd7 19. e4 Bh6 20. Rfd1 cxd4 21. cxd4 Be3+ 22. Kf1 Bxd4 23. Rxc8+ Rxc8 24. Nf3 Bc5 25. b4 Bf8 26. exd5 exd5 27. Rxd5 Nb8 28. Rd3 Nc6 29. Rc3 Ne7 30. Rxc8 Nxc8 31. Nd4 a5 32. Nc2 a4 33. Bb2 Na7 34. Ke2 Nc6 35. a3 Bg7 36. Kd3 Nxe5+ 37. Bxe5 Bxe5 38. h3 f5 39. Kc4 g5 40. Kb5 g4 41. hxg4 fxg4 42. Kxb6 h5 43. Kc5 h4 44. Kd5 h3 45. gxh3 gxh3 46. Kxe5 h2 47. Kd4 h1=Q 48. Ne3 Qc1 49. Nc4 Kf7 50. Kc5 Qc3 51. Kb5 Ke6 52. Kc5 Kd7 53. Kb5 Kc7 54. Kc5 Kb7 55. Kb5 Ka7 56. Kc5 Ka6 57. b5+ Kb7 58. Kd5 Qd3+ 59. Kc5 Qc3 60. Kd5 Qb3 61. Kc5 Kc7 62. b6+ Kb7 63. Na5+ Ka6 64. Nxb3 axb3 65. Kc6 b2 66. b7 b1=Q 67. Kc7 Qxb7+ 68. Kd6 Qb3 69. Kc5 Qxa3+ 70. Kc6 Qc3+ 71. Kd5 Kb5 72. Ke6 Qd3 73. Ke5 Kc6 74. Kf4 Qe2 75. Kf5 Qe3 76. Kf6 Qe4 77. Kg5 Qf3 78. Kg6 Qf4 79. Kg7 Qf5 80. Kg8 Qd7 81. Kf8 Kd6 82. Kg8 Ke6 83. Kh8 Kf6 84. Kg8 Qg7# 0-1


[Site "https://www.chess.com"]

[Event "Titled Tuesday Blitz August 22 Early 2023"]
[White "Pavlidis, Anastasios"]
[Black "Chor, Kevin"]
[WhiteFideId "4208404"]
[BlackFideId "2090740"]
[WhiteElo "2339"]
[BlackElo "2562"]
[Result "0-1"]
[Round "6"]
[TimeControl "180+1"]
[Date "2023.08.22"]
[WhiteClock "0:00:01"]
[BlackClock "0:00:10"]
[Board "101"]

1. d4 Nf6 2. c4 g6 3. Nc3 Bg7 4. e4 d6 5. Nf3 O-O 6. Be2 e5 7. Be3 Ng4 8. Bg5 f6 9. Bh4 g5 10. Bg3 Nc6 11. d5 Ne7 12. Nd2 f5 13. exf5 Nh6 14. h4 Nhxf5 15. Nce4 gxh4 16. Bxh4 Nxh4 17. Rxh4 Ng6 18. Rh2 Bf5 19. Bg4 Qd7 20. Bxf5 Qxf5 21. Qf3 Qd7 22. Qh5 Rf5 23. Qxh7+ Kf7 24. g4 Rh8 25. gxf5 Qxf5 26. O-O-O Rxh7 27. Rxh7 Nf4 28. Rhh1 Nd3+ 29. Kb1 Nc5 30. f3 Ke8 31. Rdg1 Bf8 32. Rg8 Nd7 33. Rhh8 Ke7 34. c5 dxc5 35. Rg5 Qf7 36. Rhh5 Qxd5 37. Rh7+ Ke8 38. Kc2 Qxa2 39. Rf5 Qa4+ 40. b3 Qa2+ 41. Kc3 b5 42. Rh8 b4+ 43. Kd3 Qa6+ 44. Ke3 c4 45. Ng5 Qb6+ 46. Ke4 c3 47. Nc4 Qd4# 0-1


[Site "https://www.chess.com"]

[Event "Titled Tuesday Blitz August 22 Early 2023"]
[White "Acosta Cruz, Oscar Yosimar"]
[Black "Mazurkiewicz, Michal"]
[WhiteFideId "5111269"]
[BlackFideId "1124943"]
[WhiteElo "2283"]
[BlackElo "2511"]
[Result "0-1"]
[Round "6"]
[TimeControl "180+1"]
[Date "2023.08.22"]
[WhiteClock "0:00:23"]
[BlackClock "0:00:16"]
[Board "102"]

1. d4 Nf6 2. c4 e5 3. dxe5 Ng4 4. Bf4 Nc6 5. Nf3 Bb4+ 6. Nbd2 Qe7 7. a3 Ngxe5 8. Nxe5 Nxe5 9. Bxe5 Bxd2+ 10. Qxd2 Qxe5 11. g3 Qe4 12. Qd5 Qxd5 13. cxd5 d6 14. Rc1 Kd8 15. Bg2 a5 16. e4 Ra6 17. f4 Rb6 18. Rc2 Re8 19. Kf2 f5 20. Re1 fxe4 21. Bxe4 g6 22. Re3 Bf5 23. Bxf5 Rxe3 24. Kxe3 gxf5 25. Kd4 Rb3 26. Re2 a4 27. Rf2 h5 28. Re2 b5 29. Rc2 Kc8 30. Rg2 Kb7 31. h3 Rf3 32. Rg1 h4 33. gxh4 Rxf4+ 34. Kc3 Rxh4 35. Rg3 Kb6 36. b3 axb3 37. Kxb3 f4 38. Rf3 Kc5 39. Rd3 Rh5 40. Rf3 Rf5 41. h4 Kxd5 42. h5 Ke4 43. Rh3 f3 44. h6 f2 45. h7 Rf8 46. Rh1 Rh8 0-1


[Site "https://www.chess.com"]

[Event "Titled Tuesday Blitz August 22 Early 2023"]
[White "Lacasa Diaz, Jose Antonio"]
[Black "Timmermans, Mark"]
[WhiteFideId "2203375"]
[BlackFideId "1026399"]
[WhiteElo "2305"]
[BlackElo "2692"]
[Result "0-1"]
[Round "6"]
[TimeControl "180+1"]
[Date "2023.08.22"]
[WhiteClock "0:00:00"]
[BlackClock "0:02:11"]
[Board "103"]

1. e4 e5 2. Nf3 Nc6 3. Bb5 f5 4. Bxc6 dxc6 5. Nc3 fxe4 6. Nxe4 Nf6 7. Qe2 Bd6 8. d3 O-O 9. Bg5 Bg4 10. h3 Bh5 11. g4 Bg6 12. Bxf6 gxf6 13. Nh4 f5 14. Nxf5 Bxf5 15. gxf5 Kh8 16. f6 Qd7 17. O-O-O Qf5 18. Rdg1 a5 19. Qg4 Qf4+ 20. Kb1 Rg8 21. Qxf4 exf4 22. f3 Be5 23. Rg4 Raf8 24. Rhg1 Rxg4 25. Rxg4 a4 26. c3 c5 27. Kc2 b6 28. h4 h5 29. Rg5 Bxf6 30. Rxh5+ Kg7 31. Rf5 Bxh4 32. Rxf8 Kxf8 33. c4 Ke7 34. b3 axb3+ 35. Kxb3 Ke6 36. Nc3 c6 37. Ne2 Ke5 38. a4 Bf2 39. Kc2 Be3 40. Kb3 Kf5 41. Kc2 Kg5 42. Kb3 Kh4 43. a5 bxa5 44. Ka4 Kh3 45. Kxa5 Kg2 46. Kb6 Kxf3 47. Nc3 Bd4 48. Ne4 Ke3 49. Kxc6 f3 50. Kd5 f2 51. Nxf2 Kxf2 0-1


[Site "https://www.chess.com"]

[Event "Titled Tuesday Blitz August 22 Early 2023"]
[White "Hajiyev, Kanan"]
[Black "GaiozNigalidze"]
[WhiteFideId "13404148"]
[WhiteElo "2508"]
[BlackElo "2683"]
[Result "0-1"]
[Round "6"]
[TimeControl "180+1"]
[Date "2023.08.22"]
[WhiteClock "0:01:45"]
[BlackClock "0:02:01"]
[Board "104"]

1. d4 Nf6 2. Nf3 d5 3. c4 e6 4. cxd5 exd5 5. Nc3 Be7 6. Qc2 c6 7. Bf4 O-O 8. e3 Nbd7 9. Bd3 Re8 10. O-O Nf8 11. Rab1 Ng6 12. Bg3 Bd6 13. Bxd6 Qxd6 14. b4 a6 15. a4 b5 16. Ne2 Bg4 17. Rfc1 Bxf3 18. gxf3 Nh4 19. f4 Rac8 20. axb5 axb5 21. Bxb5 Qd7 22. Bd3 Qh3 0-1


[Site "https://www.chess.com"]

[Event "Titled Tuesday Blitz August 22 Early 2023"]
[White "Sanduleac, Vasile"]
[Black "Korchmar, Vasiliy"]
[WhiteFideId "13900161"]
[BlackFideId "24131750"]
[WhiteElo "2508"]
[BlackElo "2670"]
[Result "0-1"]
[Round "6"]
[TimeControl "180+1"]
[Date "2023.08.22"]
[WhiteClock "0:00:44"]
[BlackClock "0:00:47"]
[Board "105"]

1. e4 c5 2. Nf3 d6 3. Bb5+ Nd7 4. Bxd7+ Bxd7 5. O-O e6 6. d4 cxd4 7. Qxd4 Qc7 8. c4 Nf6 9. b3 Be7 10. Nc3 O-O 11. Bb2 a6 12. Rac1 Rac8 13. Rfd1 Rfd8 14. h3 Qb8 15. a4 h6 16. a5 Qc7 17. Ra1 Bc6 18. Re1 d5 19. cxd5 exd5 20. e5 Ne4 21. b4 Nxc3 22. Bxc3 Bb5 23. Rac1 Qc4 24. e6 f6 25. Nh4 Qxd4 26. Bxd4 Bxb4 27. Red1 Rxc1 28. Rxc1 Re8 29. Nf5 Bc6 30. e7 Bxe7 31. Nxe7+ Rxe7 32. f3 Re2 33. Kf1 Rd2 34. Bb6 d4 35. Re1 d3 36. Re6 Bb5 37. Rd6 Ra2 38. Ke1 Rxg2 0-1


[Site "https://www.chess.com"]

[Event "Titled Tuesday Blitz August 22 Early 2023"]
[White "Eynullayev, Atilla"]
[Black "slidingknight2775"]
[WhiteFideId "13413570"]
[WhiteElo "2644"]
[BlackElo "2498"]
[Result "1/2-1/2"]
[Round "6"]
[TimeControl "180+1"]
[Date "2023.08.22"]
[WhiteClock "0:00:05"]
[BlackClock "0:00:06"]
[Board "106"]

1. d4 Nf6 2. c4 e6 3. Nc3 Bb4 4. e3 O-O 5. Bd3 d5 6. Nf3 c5 7. cxd5 exd5 8. dxc5 Bxc5 9. O-O Nc6 10. h3 Re8 11. b3 a6 12. Bb2 h6 13. Rc1 Ba7 14. Ne2 Ne4 15. Ned4 Nxd4 16. Bxd4 Bxd4 17. Nxd4 Qg5 18. Kh2 Bd7 19. Nf3 Qe7 20. Bb1 Bb5 21. Bd3 Bd7 22. Kg1 Rac8 23. Qe2 Qf6 24. a4 Rc3 25. Nd4 Rec8 26. Rxc3 Rxc3 27. Rd1 Qg5 28. Kf1 Qf6 29. Qb2 Rc8 30. Bxe4 dxe4 31. Rc1 Rc6 32. Qa3 Rxc1+ 33. Qxc1 Qd6 34. Qc4 b5 35. axb5 axb5 36. Qc2 b4 37. Qxe4 Be6 38. Kg1 Bxb3 39. Qa8+ Kh7 40. Qe4+ Kg8 41. Qe8+ Kh7 42. Qe4+ Kg8 1/2-1/2


[Site "https://www.chess.com"]

[Event "Titled Tuesday Blitz August 22 Early 2023"]
[White "Rakhimzhan_Alen"]
[Black "Miszler, Levente"]
[BlackFideId "763276"]
[WhiteElo "2643"]
[BlackElo "2497"]
[Result "0-1"]
[Round "6"]
[TimeControl "180+1"]
[Date "2023.08.22"]
[WhiteClock "0:00:02"]
[BlackClock "0:00:41"]
[Board "107"]

1. d4 Nf6 2. c4 c5 3. d5 b5 4. cxb5 a6 5. bxa6 d6 6. Nc3 g6 7. g3 Bg7 8. Bg2 O-O 9. Nf3 Nbd7 10. O-O Bxa6 11. Qc2 Qa5 12. Rd1 Nb6 13. Bd2 Nc4 14. Be1 Qb6 15. b3 Na3 16. Qc1 Nb5 17. Nxb5 Bxb5 18. Bf1 Ne4 19. a4 Bxa1 20. Qxa1 c4 21. Qb1 cxb3 22. axb5 Nc5 23. e3 Ra2 24. Nd4 Ra3 25. Nc6 Rfa8 26. Qb2 f6 27. Nxe7+ Kf7 28. Nc6 Ra2 29. Qd4 b2 30. Qh4 Kg7 31. Bc3 Nd7 32. Qg4 Ne5 33. Qe6 Ra1 34. Qe7+ Kh6 35. Nxe5 dxe5 36. Rxa1 bxa1=Q 37. Bxa1 Rxa1 38. Qb4 Qc7 39. b6 Qc1 40. Qb5 Rb1 41. Qa6 Qb2 42. Qc4 Qxb6 43. Qh4+ Kg7 44. Qh3 Qb5 45. Qg2 e4 46. h4 f5 47. Qh3 Qxd5 48. h5 Qd1 49. h6+ Kf7 50. Qg2 0-1


[Site "https://www.chess.com"]

[Event "Titled Tuesday Blitz August 22 Early 2023"]
[White "Shuvalova, Polina"]
[Black "Janaszak, Dawid"]
[WhiteFideId "24171760"]
[BlackFideId "1119206"]
[WhiteElo "2641"]
[BlackElo "2486"]
[Result "0-1"]
[Round "6"]
[TimeControl "180+1"]
[Date "2023.08.22"]
[WhiteClock "0:00:35"]
[BlackClock "0:00:14"]
[Board "108"]

1. e4 c5 2. Nf3 Nc6 3. c3 e5 4. Bc4 Nf6 5. O-O Be7 6. Re1 O-O 7. h3 d6 8. d3 Nd7 9. a4 Nb6 10. Bb3 Kh8 11. Nbd2 f5 12. exf5 Bxf5 13. Ne4 Bg6 14. a5 Nd7 15. Neg5 Bxg5 16. Bxg5 Qc7 17. Nh4 Nxa5 18. Nxg6+ hxg6 19. Be6 Nf6 20. d4 cxd4 21. cxd4 Nc6 22. d5 Nd4 23. Rc1 Qb6 24. Be3 Qxb2 25. Rb1 Qc3 26. Bxd4 Qxd4 27. Qxd4 exd4 28. Rxb7 Rfb8 29. Rxb8+ Rxb8 30. Ra1 Rb7 31. Kf1 Ne4 32. Ke2 Nc5 33. Bc8 Re7+ 34. Kf3 d3 35. Bg4 Kh7 36. h4 Kh6 37. g3 a6 38. Kg2 g5 39. h5 g6 40. hxg6 Kxg6 41. Kf3 Re5 42. Rh1 Rxd5 43. Ke3 Re5+ 44. Kd2 Ne4+ 45. Kc1 Nxf2 46. Bh5+ Kg7 47. Rf1 Ne4 48. Rf7+ Kg8 49. Bg6 d2+ 50. Kd1 Rc5 51. Ke2 Rc1 0-1


[Site "https://www.chess.com"]

[Event "Titled Tuesday Blitz August 22 Early 2023"]
[White "Haug, Havard"]
[Black "DeyanKostov"]
[WhiteFideId "1547887"]
[WhiteElo "2634"]
[BlackElo "2472"]
[Result "1-0"]
[Round "6"]
[TimeControl "180+1"]
[Date "2023.08.22"]
[WhiteClock "0:00:07"]
[BlackClock "0:00:19"]
[Board "109"]

1. e4 c5 2. c3 d5 3. exd5 Qxd5 4. d4 e6 5. Nf3 Nf6 6. Na3 Nc6 7. Be3 cxd4 8. Nb5 Qd8 9. Nbxd4 Nxd4 10. Bxd4 Be7 11. Bxf6 Bxf6 12. Bb5+ Bd7 13. Qa4 a6 14. Bxd7+ Qxd7 15. Qxd7+ Kxd7 16. O-O-O+ Ke7 17. Rhe1 Rhd8 18. Kc2 Rxd1 19. Rxd1 Rd8 20. Rxd8 Kxd8 21. Kd3 Kd7 22. b3 g6 23. Nd2 Bg7 24. Ne4 f5 25. Nc5+ Kd6 26. Nxb7+ Kc6 27. Na5+ Kd5 28. b4 e5 29. c4+ Kd6 30. f3 Bf8 31. Nb3 Kc6 32. a3 h5 33. Kc3 Bg7 34. a4 e4+ 35. Kd2 exf3 36. gxf3 g5 37. b5+ axb5 38. cxb5+ Kb6 39. Kd3 g4 40. Kc4 Be5 41. a5+ Ka7 42. Nc5 Bxh2 43. b6+ Kb8 44. a6 Bd6 45. a7+ Ka8 46. Kb5 Bxc5 47. Kxc5 Kb7 48. Kd6 gxf3 49. a8=Q+ Kxa8 50. Kc7 1-0


[Site "https://www.chess.com"]

[Event "Titled Tuesday Blitz August 22 Early 2023"]
[White "Agibileg, Uurtsaikh"]
[Black "Goncalves, Davi Sulzbacher"]
[WhiteFideId "4901606"]
[BlackFideId "2154510"]
[WhiteElo "2629"]
[BlackElo "2477"]
[Result "1-0"]
[Round "6"]
[TimeControl "180+1"]
[Date "2023.08.22"]
[WhiteClock "0:00:59"]
[BlackClock "0:00:00"]
[Board "110"]

1. d4 Nf6 2. c4 e6 3. Nc3 Bb4 4. f3 O-O 5. a3 Bxc3+ 6. bxc3 d5 7. cxd5 exd5 8. e3 c5 9. Bd3 Re8 10. Ne2 b6 11. O-O Ba6 12. Ng3 Bxd3 13. Qxd3 Qc8 14. Bb2 Qa6 15. Qd2 Nc6 16. Rae1 Na5 17. e4 Nc4 18. Qe2 Qb5 19. Bc1 Qb3 20. e5 Qxc3 21. Qd1 Nd7 22. Ne2 Qa5 23. f4 Rac8 24. f5 cxd4 25. f6 Ndxe5 26. Nxd4 Qc5 27. Kh1 Ng6 28. Rxe8+ Rxe8 29. Nf5 gxf6 30. Qh5 Qf2 31. Qd1 Qe2 32. Qxe2 Rxe2 33. h3 Kf8 34. Rd1 Re5 35. Nd4 Ne7 36. Rf1 Ke8 37. a4 Re4 38. Nb5 a6 39. Nc3 Re5 40. Bf4 Rf5 41. g4 Rxf4 42. Rxf4 b5 43. axb5 axb5 44. Nxb5 Ne5 45. Rxf6 N7g6 46. Nd4 Ke7 47. g5 1-0


[Site "https://www.chess.com"]

[Event "Titled Tuesday Blitz August 22 Early 2023"]
[White "Gimenez Aguirre, Alejo Ismael"]
[Black "Womacka, Mathias"]
[WhiteFideId "32041667"]
[BlackFideId "4611390"]
[WhiteElo "2600"]
[BlackElo "2454"]
[Result "1-0"]
[Round "6"]
[TimeControl "180+1"]
[Date "2023.08.22"]
[WhiteClock "0:02:29"]
[BlackClock "0:00:42"]
[Board "111"]

1. e4 c5 2. Nf3 d6 3. d4 cxd4 4. Nxd4 Nf6 5. Nc3 a6 6. Bc4 e6 7. Bg5 b5 8. Bb3 Be7 9. Qf3 Qc7 10. O-O-O Nbd7 11. Rhe1 Nc5 12. Nf5 exf5 13. Bxf6 Bxf6 14. exf5+ Kd7 15. Qxa8 Bb7 16. Qxh8 Nxb3+ 17. axb3 Bxc3 18. Qe8# 1-0


[Site "https://www.chess.com"]